 Dungeon Crawl Stone Soup version 0.25-a0-420-g1cc7eeb0d1 (webtiles) character file.

Game seed: 13441173565581090742, levelgen mode: deterministic

56 kae the Gusty (level 3, -1/26 HPs)
             Began as a Draconian Air Elementalist on Jan 18, 2020.
             Slain by a worm (12 damage)
             ... on level 2 of the Dungeon.
             The game lasted 00:01:42 (2295 turns).

kae the Gusty (Draconian Air Elementalist)          Turns: 2295, Time: 00:01:42

Health: -1/26      AC:  5    Str: 10    XL:     3   Next: 71%
Magic:  4/6        EV: 12    Int: 16    God:
Gold:   96         SH:  0    Dex: 11    Spells: 6/7 levels left

rFire    . . .     SeeInvis .   (no weapon)
rCold    . . .     Gourm    .   (no shield)
rNeg     . . .     Faith    .   (armour unavailable)
rPois    .         Spirit   .   (helmet restricted)
rElec    .         Reflect  .   (no cloak)
rCorr    .         Harm     .   (no gloves)
MR       .....                  (no boots)
Stlth    ++........             (no amulet)
HPRegen  0.08/turn              (no ring)
MPRegen  0.10/turn              (no ring)

@: no status effects
A: unfitting armour, cold-blooded, AC +5
a: no special abilities


You were on level 2 of the Dungeon.
You were very hungry.

You visited 1 branch of the dungeon, and saw 2 of its levels.

You collected 96 gold pieces.

Inventory:

Scrolls
 c - a scroll of identify
 d - 3 scrolls of teleportation {unknown}
 g - a scroll of fear {unknown}
Potions
 a - a potion of cancellation {unknown}
 e - a potion of berserk rage {unknown}
 f - a potion of degeneration
Comestibles
 b - 5 rations


   Skills:
 - Level 1.7 Dodging
 - Level 1.7 Stealth
 + Level 2.5 Spellcasting
 + Level 2.0 Conjurations
 * Level 3.9 Air Magic


You had 6 spell levels left.
You knew the following spells:

 Your Spells              Type           Power        Failure   Level  Hunger
a - Shock                 Conj/Air       ##..         6%          1    #......

Your spell library contained the following spells:

 Spells                   Type           Power        Failure   Level  Hunger
 Swiftness                Chrm/Air       #.......     13%         2    ##.....
 Static Discharge         Conj/Air       ##......     17%         3    ###....
 Airstrike                Air            ##........   36%         4    #####..
 Lightning Bolt           Conj/Air       ##........   85%         5    ######.


Dungeon Overview and Level Annotations

Branches:
Dungeon (2/15)

Altars:
Sif Muna


Innate Abilities, Weirdness & Mutations

Your plain brown scales are hard. (AC +5)
You cannot fit into any form of body armour.
You are cold-blooded and may be slowed by cold attacks.


Message History

The worm is moderately wounded.
You barely miss the worm. You tail-slap the worm.
The worm is moderately wounded.
The worm bites you!
Casting: Shock (safe; 6% risk of failure)
Confirm with . or Enter, or press ? or * to list all spells.
Aiming: Shock (safe; 6% risk of failure)
Press: ? - help, Shift-Dir - straight line, f - worm
Aim: a worm (moderately wounded)
The zap hits the worm.
The worm is moderately wounded.
Casting: Shock (safe; 6% risk of failure)
Confirm with . or Enter, or press ? or * to list all spells.
Aiming: Shock (safe; 6% risk of failure)
Press: ? - help, Shift-Dir - straight line, f/p - worm
Aim: a worm (moderately wounded)
The zap hits the worm.
The worm is severely wounded.
The worm bites you!
You die...

.#..(.#
#.....##.#
#.# .######
#........#
.# .#
#.....####
.# ###.#.#
.# #.#.# .#
#.#.# .#
#.#.# .#
##(#.######.
.#
#...@w......
.#
#........###
.#
#........#
##
#........# #
#...>......
#
#........###
##########


You could see a worm.

Vanquished Creatures
  An adder (D:2)
  2 worms (D:2)
  3 dart slugs
  A leopard gecko (D:2)
  3 bats
  2 giant cockroaches
  5 goblins
  4 hobgoblins
  A quokka (D:2)
  4 frilled lizards
  4 kobolds
  6 rats
36 creatures vanquished.

Notes
Turn   | Place    | Note
-------+----------+-------------------------------------------
     0 | D:1      | kae the Draconian Air Elementalist began the quest for the
                  | Orb.
     0 | D:1      | Reached XP level 1. HP: 14/14 MP: 3/3
   433 | D:1      | Reached XP level 2. HP: 16/20 MP: 1/5
  1279 | D:2      | Reached XP level 3. HP: 26/26 MP: 0/6
  2256 | D:2      | Found a shimmering blue altar of Sif Muna.
  2295 | D:2      | Slain by a worm

Levels and vault maps discovered:
D:1:      nzn_arrival_depleted_hourglass, layout_basic, minmay_crystal_water
D:2:      layout_basic, lemuel_blue_sif_altar, minmay_stone_trees_small,
          hangedman_decor_opposing, kennysheep_flooded_box,
          minmay_fractal_squares_5

Skill      XL: |  1  2  3 |
---------------+----------+-----
Conjurations   | 2 |  2.0
Dodging        | |  1.7
Stealth        | |  1.7
Spellcasting   | |  2.5
Air Magic      | |  3.9

Action                   || total
-------------------------++-------
Melee: Unarmed           ||   119
       Tailslap          ||    13
 Cast: Shock             ||    58
  Use: Scroll            ||     4
 Stab: Sleeping          ||     3
  Eat: Chunk             ||     4
Armor: Skin              ||    53
Dodge: Dodged            ||   103

Table legend:
 A = Non-vault XP
 B = Vault XP
 C = Vault XP percentage of total XP
 D = Non-vault monster count
 E = Vault monster count
 F = Vault count percentage of total count
                 A         B        C        D         E       F
            +---------+---------+-------+---------+---------+-------
      Total |      58 |      23 |  28.4 |      27 |       9 |  25.0
            +---------+---------+-------+---------+---------+-------
        D:1 |      27 |       0 |   0.0 |      16 |       0 |   0.0
        D:2 |      31 |      23 |  42.6 |      11 |       9 |  45.0
            +---------+---------+-------+---------+---------+-------
